Map: Port Aleksander LE

Players

HeRoMaRinE - Winner!

  • Race: Terran Terran
  • Spawn Location: 5:00

HateMe

  • Race: Zerg Zerg
  • Spawn Location: 11:00

Event: IEM Season 13: Katowice (2019)

VOD

Have the link to the VOD?

Description

Time

  • Played on: Feb. 25, 2019, 4:16 a.m.
  • Length: 15:08

All games in this series

Show
View Real Time Build Order
Export as new Build Order

HeRoMaRinE Terran - Winner!

Build Orders: 2 Factory, Command Center First (CC), Mech 

Get SALT Encoding   

  12  0:00  SCV  
  13  0:12  SCV  
  14  0:18  Supply Depot  
  14  0:24  SCV  
  15  0:39  SCV  
  16  0:51  SCV  
  17  1:01  Command Center  
  17  1:04  SCV  
  18  1:15  Barracks  
  18  1:18  SCV  
  19  1:23  Refinery  
  19  1:30  SCV  
  19  1:32  Refinery  
  20  1:42  SCV  
  21  1:54  SCV  
  22  2:05  Reaper  
  22  2:06  Orbital Command  
  23  2:14  Orbital Command  
  23  2:27  Factory  
  23  2:32  SCV  
  24  2:41  SCV  
  24  2:42  Barracks Reactor  
  26  2:44  SCV  
  26  2:49  Factory  
  26  2:53  SCV  
  26  2:56  SCV  
  28  3:05  SCV  
  29  3:08  SCV  
  30  3:17  SCV  
  30  3:18  Supply Depot  
  31  3:20  SCV  
  31  3:23  Hellion x2  
  36  3:29  SCV  
  36  3:30  Barracks Tech Lab  
  36  3:31  Supply Depot  
  36  3:32  SCV  
  38  3:41  SCV  
  38  3:44  SCV  
  38  3:45  Hellion x2  
  38  3:46  Starport  
  44  3:53  SCV, Cyclone  
  44  3:55  Supply Depot  
  48  3:56  SCV  
  48  3:59  Barracks Tech Lab  
  49  4:06  SCV  
  49  4:09  SCV  
  51  4:11  Command Center  
  51  4:18  SCV  
  51  4:21  SCV  
  53  4:24  Supply Depot  
  53  4:25  Cyclone  
  53  4:26  Hellion  
  53  4:27  Hellion  
  60  4:32  Viking  
  62  4:40  Refinery  
  62  4:41  Refinery  
  62  4:45  SCV x2  
  62  4:47  Supply Depot  
  62  4:50  Hellion  
  62  4:52  Hellion  
  68  4:56  Armory  
  68  4:58  SCV  
  68  4:59  SCV  
  70  5:04  Supply Depot  
  70  5:08  Cyclone  
  70  5:11  SCV x2  
  70  5:13  Raven  
  77  5:22  Hellion  
  77  5:23  Hellion, SCV x2  
  80  5:29  Orbital Command  
  80  5:30  Factory  
  80  5:34  Mag-Field Accelerator  
  80  5:35  SCV  
  80  5:37  SCV  
  80  5:40  Supply Depot  
  81  5:43  Cyclone  
  81  5:45  Hellion x2  
  81  5:47  SCV  
  81  5:49  SCV  
  90  5:56  Orbital Command  
  90  5:59  Engineering Bay, SCV  
  90  6:00  Supply Depot  
  90  6:01  SCV  
  91  6:09  Hellion  
  87  6:11  SCV  
  87  6:12  Hellion  
  87  6:13  SCV  
  85  6:23  SCV  
  85  6:25  Siege Tank, SCV  
  83  6:26  Factory Tech Lab  
  83  6:30  Hellion, SCV, Factory  
  83  6:31  Factory  
  86  6:35  SCV  
  86  6:36  Terran Vehicle And Ship Armor Level 1  
  86  6:37  SCV  
  88  6:44  Hellion  
  91  6:47  SCV, Cyclone  
  91  6:49  SCV  
  91  6:51  Refinery  
  91  6:52  Hellion, Refinery, SCV  
  98  6:54  Infernal Pre-Igniter  
  98  6:59  SCV, Cyclone  
  102  7:03  Starport Reactor  
  102  7:06  SCV x2  
  104  7:12  SCV  
  105  7:16  Hellion x2, Factory Tech Lab, Factory Reactor  
  105  7:18  SCV  
  105  7:19  SCV  
  107  7:24  Cyclone, SCV  
  104  7:30  SCV  
  104  7:33  Cyclone  
  104  7:36  SCV  
  104  7:37  Hellion, Command Center, SCV  
  110  7:39  Cyclone  
  110  7:42  Supply Depot  
  114  7:44  Supply Depot  
  114  7:45  Supply Depot  
  114  7:46  Hellion  
  115  7:55  Hellion  
  117  8:01  Supply Depot  
  117  8:04  Hellion x2, Cyclone  
  124  8:06  Cyclone  
  124  8:07  Hellion  
  124  8:11  Cyclone  
  132  8:15  SCV x3  
  132  8:16  Liberator x2, Hellion  
  133  8:22  Armory  
  133  8:26  Hellion x2  
  132  8:27  SCV x2  
  139  8:34  SCV  
  139  8:36  Cyclone  
  139  8:39  SCV  
  139  8:40  SCV  
  144  8:45  Cyclone  
  144  8:46  SCV, Cyclone  
  138  8:51  Hellion x2  
  138  8:52  SCV x2  
  138  8:54  Hellion  
  138  8:55  Hellion  
  137  9:05  SCV  
  137  9:06  SCV  
  137  9:08  Cyclone  
  142  9:12  Hellion x2  
  142  9:15  Hellion  
  143  9:18  Cyclone x2  
  143  9:19  Hellion  
  142  9:29  Terran Vehicle And Ship Armor Level 2  
  142  9:30  SCV x2  
  142  9:31  SCV  
  131  9:33  Hellion, Refinery  
  131  9:34  Hellion  
  131  9:37  Hellion  
  131  9:40  Hellion, Refinery, Cyclone  
  131  9:41  Liberator  
  131  9:43  Liberator  
  135  9:47  Planetary Fortress  
  135  9:50  Hellion, Cyclone  
  135  9:51  SCV x2  
  135  9:52  SCV  
  143  9:55  Hellion x2  
  143  9:58  Hellion  
  152  10:02  Hellion  
  157  10:09  Supply Depot x2  
  157  10:11  Cyclone  
  157  10:13  Hellion  
  162  10:16  Hellion  
  163  10:27  Sensor Tower  
  163  10:28  Supply Depot  
  163  10:30  Supply Depot, Cyclone  
  163  10:31  Hellion x2  
  163  10:33  Hellion  
  163  10:34  Cyclone  
  175  10:36  Supply Depot, Terran Vehicle Weapons Level 1  
  175  10:38  Hellion  
  175  10:39  Liberator x2  
  177  10:43  Cyclone  
  177  10:45  SCV  
  177  10:46  Hellion x12, SCV x3  
  170  10:52  Hellion  
  166  10:58  SCV x3  
  166  10:59  SCV  
  166  11:03  Cyclone  
  173  11:08  Cyclone  
  173  11:10  SCV x3  
  173  11:11  SCV  
  176  11:15  Hellion x2  
  176  11:16  Cyclone  
  153  11:18  Hellion  
  111  11:27  Hellion  
  111  11:29  Liberator  
  111  11:31  Liberator  
  113  11:33  Factory  
  113  11:35  Cyclone  
  113  11:36  Hellion  
  113  11:37  Factory  
  118  11:41  SCV x2  
  118  11:43  SCV  
  124  11:48  Cyclone  
  124  11:50  Cyclone  
  130  11:55  Hellion  
  130  11:56  Hellion x2  
  136  12:02  Terran Vehicle And Ship Armor Level 3  
  136  12:07  Command Center  
  136  12:08  SCV  
  137  12:09  Cyclone  
  140  12:16  Starport  
  140  12:17  Fusion Core  
  140  12:20  Starport, Factory Reactor  
  140  12:21  Cyclone  
  143  12:23  Cyclone  
  143  12:25  Hellion, Barracks Reactor  
  143  12:26  Hellion  
  143  12:28  Hellion  
  154  12:30  Hellion  
  154  12:34  Cyclone  
  157  12:41  Cyclone  
  160  12:47  Hellion  
  160  12:48  Terran Vehicle Weapons Level 2, Hellion  
  160  12:49  Hellion  
  166  12:52  Hellion  
  166  12:53  Cyclone  
  166  12:54  Starport Tech Lab  
  166  12:58  Starport Tech Lab  
  171  13:01  Liberator x2, Cyclone  
  171  13:03  Command Center  
  174  13:06  Liberator, Cyclone  
  177  13:17  Advanced Ballistics  
  180  13:21  Command Center  
  183  13:28  Liberator x2  
  183  13:30  Hellion x3  
  183  13:31  Hellion  
  184  13:42  Cyclone  
  184  13:43  Hellion x2  
  197  13:52  Planetary Fortress  
  197  13:53  Hellion  
  199  13:58  Refinery  
  199  14:00  Refinery  
  199  14:10  Command Center  
  199  14:14  Command Center  
  199  14:21  Orbital Command  
  196  14:32  Sensor Tower  
  196  14:34  Orbital Command  
  196  14:42  Command Center  
Show
View Real Time Build Order
Export as new Build Order

HateMe Zerg 

Build Orders: Hatch First 

Get SALT Encoding   

  12  0:00  Drone  
  13  0:12  Overlord  
  13  0:17  Drone  
  14  0:30  Drone x2  
  16  0:49  Hatchery  
  15  0:52  Drone  
  15  0:56  Drone  
  17  0:59  Drone  
  18  1:10  Extractor  
  17  1:15  Spawning Pool  
  17  1:18  Drone  
  17  1:22  Drone  
  18  1:27  Drone  
  19  1:38  Drone  
  20  1:49  Overlord  
  20  2:02  Queen x2  
  20  2:03  Zergling x4  
  26  2:11  Drone  
  26  2:12  Drone  
  26  2:13  Metabolic Boost  
  28  2:21  Drone  
  30  2:22  Drone  
  30  2:39  Queen  
  32  2:52  Hatchery  
  32  2:53  Pneumatized Carapace  
  32  2:56  Drone  
  32  2:59  Overlord  
  32  3:03  Drone  
  33  3:06  Drone  
  33  3:09  Drone x2  
  36  3:14  Overlord  
  36  3:18  Drone  
  36  3:19  Drone  
  38  3:21  Drone  
  38  3:24  Drone  
  38  3:26  Drone  
  41  3:28  Drone  
  41  3:32  Drone  
  43  3:39  Overlord  
  43  3:40  Queen  
  45  3:44  Zergling x4  
  47  3:49  Queen  
  47  3:52  Zergling x4  
  51  3:58  Overlord  
  51  3:59  Drone x2  
  51  4:00  Drone  
  55  4:02  Drone  
  55  4:06  Drone  
  55  4:08  Drone  
  57  4:14  Overlord  
  57  4:15  Drone x3  
  60  4:21  Queen  
  62  4:31  Overlord  
  62  4:33  Overlord  
  62  4:35  Overlord  
  62  4:36  Drone x4  
  62  4:37  Drone  
  67  4:42  Evolution Chamber  
  67  4:43  Evolution Chamber  
  65  4:49  Overlord  
  65  4:50  Drone x6  
  71  4:56  Drone x4  
  71  4:57  Drone  
  76  5:04  Zergling x6  
  76  5:06  Baneling Nest  
  78  5:10  Zerg Missile Weapons Level 1  
  78  5:12  Extractor  
  78  5:13  Extractor x2  
  78  5:14  Extractor, Zergling x6  
  74  5:15  Extractor  
  74  5:19  Zerg Ground Armor Level 1  
  76  5:25  Zergling x4  
  76  5:26  Zergling x6  
  78  5:31  Overlord  
  78  5:32  Drone  
  78  5:33  Drone x6  
  85  5:38  Overlord  
  85  5:40  Drone  
  86  5:45  Drone  
  86  5:49  Lair  
  87  5:50  Baneling  
  87  5:51  Baneling x2  
  87  5:54  Drone x2  
  89  5:57  Baneling x4  
  89  6:01  Baneling x2  
  89  6:02  Zergling x2, Baneling  
  89  6:03  Zergling x16  
  87  6:05  Zergling x2  
  87  6:10  Zergling x4  
  83  6:14  Zergling x4  
  83  6:15  Queen  
  84  6:19  Zergling x2  
  84  6:25  Queen  
  82  6:31  Drone x3  
  82  6:32  Drone  
  86  6:43  Drone  
  86  6:45  Overlord  
  86  6:47  Drone, Centrifical Hooks  
  88  6:48  Hydralisk Den  
  88  6:50  Zergling x8, Queen  
  88  6:53  Hatchery  
  92  6:54  Overseer  
  92  7:01  Queen  
  92  7:04  Zergling x12  
  96  7:08  Zergling x8  
  96  7:13  Baneling x6  
  96  7:14  Zergling x4  
  92  7:20  Zergling x4  
  91  7:23  Hydralisk  
  91  7:25  Queen  
  91  7:26  Queen  
  91  7:27  Hydralisk  
  95  7:33  Hydralisk x3  
  98  7:42  Hydralisk x4  
  105  7:45  Muscular Augments  
  105  7:48  Zerg Ground Armor Level 2  
  105  7:55  Overlord  
  105  7:56  Overlord x2  
  105  7:57  Zerg Missile Weapons Level 2  
  105  8:04  Infestation Pit  
  105  8:05  Overlord x2  
  104  8:09  Hydralisk x2  
  108  8:16  Hydralisk  
  108  8:17  Hydralisk x2  
  113  8:24  Hydralisk x3  
  116  8:28  Zergling x8  
  117  8:37  Hydralisk  
  117  8:38  Hydralisk x3  
  125  8:44  Zergling x2  
  125  8:45  Zergling x10  
  126  8:50  Zergling x8  
  107  8:57  Hive  
  107  9:02  Hydralisk x3  
  105  9:06  Zergling x10  
  112  9:11  Zergling x2  
  112  9:13  Zergling x2  
  105  9:21  Zergling x2  
  105  9:22  Zergling x2  
  101  9:25  Zergling x2  
  101  9:26  Zergling x2  
  101  9:27  Zergling x2  
  101  9:28  Zergling x4  
  95  9:32  Queen x2  
  95  9:36  Hydralisk x3  
  103  9:38  Grooved Spines  
  102  9:46  Hydralisk x3  
  108  10:02  Hydralisk x3  
  108  10:04  Zergling x2  
  108  10:05  Hatchery, Zergling x6  
  108  10:06  Baneling  
  108  10:07  Baneling x4  
  117  10:09  Baneling x6  
  117  10:13  Viper x2  
  123  10:15  Zergling x2  
  123  10:16  Zergling x2  
  125  10:23  Hydralisk x3  
  130  10:34  Baneling x4  
  130  10:35  Zergling x8  
  134  10:37  Hydralisk  
  136  10:47  Zergling x14  
  136  10:50  Baneling  
  136  10:51  Zergling x8  
  135  10:57  Zergling x2  
  135  11:01  Baneling x12  
  135  11:02  Zergling x2  
  137  11:08  Zergling x2  
  113  11:19  Zergling x6  
  113  11:23  Zergling x2  
  100  11:27  Extractor  
  100  11:28  Extractor  
  100  11:32  Hydralisk x2  
  96  11:34  Hydralisk  
  96  11:39  Hydralisk x2  
  103  11:41  Hatchery  
  102  11:50  Viper  
  102  11:52  Hydralisk  
  102  11:53  Hydralisk  
  107  11:58  Hydralisk  
  111  12:03  Hydralisk  
  113  12:10  Hydralisk x2  
  113  12:13  Hydralisk  
  119  12:17  Hydralisk x2  
  119  12:19  Zergling x2  
  124  12:23  Hydralisk  
  124  12:27  Hydralisk  
  124  12:28  Hydralisk  
  130  12:36  Drone x5  
  130  12:37  Drone x4  
  135  12:41  Hydralisk  
  135  12:43  Hydralisk  
  141  12:51  Hydralisk  
  141  12:57  Hydralisk x2  
  145  12:59  Hydralisk  
  145  13:04  Hydralisk  
  149  13:06  Overlord  
  149  13:15  Hydralisk  
  149  13:21  Overlord  
  149  13:22  Overlord  
  149  13:23  Viper  
  149  13:24  Hatchery  
  149  13:26  Viper  
  154  13:29  Hydralisk  
  145  13:42  Hydralisk  
  145  13:43  Hydralisk x2  
  151  13:50  Hydralisk x4  
  159  13:58  Hydralisk x3  
  161  14:12  Drone x5  
  161  14:16  Overlord  
  164  14:22  Hydralisk  
  162  14:29  Hydralisk  
  162  14:30  Hydralisk  
  166  14:32  Overlord  
  166  14:34  Viper  
  169  14:40  Drone x2  

Tags
 
Add a new tag
Caveats
  • Supply blocks, unpowered buildings, or Contaminate may cause inaccurate times.
  • Supply counts are checked every 10 seconds.